 Dungeon Crawl Stone Soup version 0.27.0-66-gdc8fb28755 (webtiles) character file.

Game seed: 18343665892855453836

676 ZARRMARR the Grasshopper (level 7, -9/56 HPs)
             Began as a Gnoll Warper on Aug 20, 2021.
             Mangled by an orc warrior (10 damage)
             ... on level 4 of the Dungeon.
             The game lasted 00:27:09 (7235 turns).

ZARRMARR the Grasshopper (Gnoll Warper)             Turns: 7235, Time: 00:27:09

Health: -9/56      AC: 19    Str: 10    XL:     7   Next: 60%
Magic:  24/24      EV: 11    Int: 15    God:
Gold:   249        SH:  0    Dex: 11    Spells: 15/17 levels left

rFire    + . .     SeeInvis .   h - +2 dagger (protect)
rCold    + . .     Faith    .   (no shield)
rNeg     . . .     Spirit   .   v - +4 ring mail of Amorality {Rampage rF+}
rPois    .         Reflect  .   r - +0 helmet
rElec    .         Harm     .   (no cloak)
rCorr    .         Rampage  +   j - +0 pair of gloves
Will     .....                  (no boots)
Stlth    +.........             (no amulet)
HPRegen  0.18/turn              i - ring of magical power
MPRegen  0.19/turn              l - ring of protection from cold

@: under a protective aura
A: fangs 1, strong nose, distributed training
a: no special abilities


You were on level 4 of the Dungeon.
You visited 1 branch of the dungeon, and saw 5 of its levels.

You collected 249 gold pieces.

Inventory:

Hand Weapons
 h - a +2 dagger of protection (weapon)
 q - a +3 spear
 w - a +2 flail of protection
Missiles
 d - 5 boomerangs of dispersal
 g - 2 boomerangs (quivered)
 p - 17 poisoned darts
Armour
 j - a +0 pair of gloves (worn)
 r - a +0 helmet (worn)
 v - the +4 ring mail of Amorality (worn) {Rampage rF+}
   (You took it off a hobgoblin on level 4 of the Dungeon)

   rF:        It protects you from fire.
   Rampage:   It bestows one free step when moving towards enemies.
Jewellery
 i - a ring of magical power (left hand)
 l - a ring of protection from cold (right hand)
Wands
 a - a wand of iceblast (9)
 n - a wand of flame (16)
Scrolls
 o - a scroll of enchant armour
 s - a scroll of fog {unknown}
 t - a scroll of amnesia {unknown}
 u - a scroll of acquirement {unknown}
 x - a scroll of magic mapping
Potions
 b - a potion of degeneration {unknown}
 e - a potion of mutation
 f - a potion of invisibility {unknown}
 k - 3 potions of curing {unknown}
 m - 2 potions of lignification {unknown}


   Skills:
 + Level 5.3 Fighting
 + Level 5.3 Short Blades
 + Level 2.6 Long Blades
 + Level 2.6 Axes
 + Level 2.6 Maces & Flails
 + Level 2.6 Polearms
 + Level 2.6 Staves
 + Level 2.6 Slings
 + Level 2.6 Bows
 + Level 2.6 Crossbows
 + Level 3.7 Throwing
 + Level 3.7 Armour
 + Level 5.3 Dodging
 + Level 2.6 Stealth
 + Level 2.6 Shields
 + Level 2.6 Unarmed Combat
 + Level 5.6 Spellcasting
 + Level 2.1 Conjurations
 + Level 2.1 Hexes
 + Level 2.1 Summonings
 + Level 2.1 Necromancy
 + Level 5.9 Translocations
 + Level 2.1 Transmutations
 + Level 2.1 Fire Magic
 + Level 2.1 Ice Magic
 + Level 2.1 Air Magic
 + Level 2.1 Earth Magic
 + Level 2.1 Poison Magic
 + Level 2.9 Invocations
 + Level 2.6 Evocations


You had 15 spell levels left.
You knew the following spells:

 Your Spells              Type           Power      Damage    Failure   Level
a - Blink                 Tloc           N/A        N/A       4%          2

Your spell library contained the following spells:

 Spells                   Type           Power      Damage    Failure   Level
 Gell's Gravitas          Tloc           10%        N/A       10%         3
 Lesser Beckoning         Tloc           10%        N/A       10%         3
 Teleport Other           Tloc           21%        N/A       10%         3
 Corpse Rot               Necr/Air       N/A        N/A       24%         2
 Manifold Assault         Tloc           21%        N/A       67%         5
 Dispel Undead            Necr           10%        3d9       83%         4
 Alistair's Intoxication  Tmut/Pois      6%         N/A       99%         5
 Borgnjor's Vile Clutch   Necr/Erth      5%         N/A       99%         5
 Death Channel            Necr           5%         N/A       100%        6
 Eringya's Noxious Bog    Tmut/Pois      5%         N/A       100%        6


Dungeon Overview and Level Annotations

Branches:
Dungeon (5/15)
 Temple: D:4-7

Altars:
Qazlal
Xom
Yredelemnul


Innate Abilities, Weirdness & Mutations

You have very sharp teeth.
Your uncanny sense of smell can sniff out nearby items.
Your experience applies equally to all skills.


Message History

You hit the orc but do no damage. You punch the orc.
You kill the orc!
The orc warrior hits you with a +0 battleaxe!
You closely miss the orc warrior.
The orc warrior is moderately wounded.
The orc warrior hits you with a +0 battleaxe!
* * * LOW HITPOINT WARNING * * *
Blink to where?
Press: ? - help, Dir - move target
As you read the scroll of blinking, it crumbles to dust.
Throw: 2 boomerangs
Press: ? - help, Q - select action, (/) - cycle Shift-Dir - straight line, f - orc warrior
Aim: an orc warrior, wielding a +0 battleaxe and wearing a +0 plate armour (moderately wounded, 59% to hit)
You throw a boomerang.
The boomerang hits the orc warrior but does no damage.
The orc warrior is moderately wounded.
Throw: 2 boomerangs
Press: ? - help, Q - select action, (/) - cycle Shift-Dir - straight line, f/p - orc warrior
Aim: an orc warrior, wielding a +0 battleaxe and wearing a +0 plate armour (moderately wounded, 59% to hit)
You throw a boomerang. The boomerang hits the orc warrior!
The orc warrior is heavily wounded.
You closely miss the orc warrior.
The orc warrior is heavily wounded.
You closely miss the orc warrior.
The orc warrior is heavily wounded.
The orc warrior barely misses you.
You barely miss the orc warrior.
The orc warrior is heavily wounded.
The orc warrior hits you with a +0 battleaxe!
* * * LOW HITPOINT WARNING * * *
You hit the orc warrior but do no damage.
Your weapon exudes an aura of protection.
Your bite misses the orc warrior.
The orc warrior is heavily wounded.
The orc warrior hits you with a +0 battleaxe.
* * * LOW HITPOINT WARNING * * *
You hit the orc warrior but do no damage.
The orc warrior is heavily wounded.
The orc warrior hits you with a +0 battleaxe!
You die...

.......##≈≈≈.≈.≈.≈.≈.≈≈≈##..#....
........##≈≈≈...≈...≈≈≈######....
.........##≈≈≈.≈.≈.≈≈≈##.§#......
....)....###≈≈≈...≈≈≈##.).#......
.........'.##≈≈≈≈≈≈≈##....'......
.........#..############'####....
.........#.....'............#####
.........#.....#............#
################@o..........# .#
#............# .# #............#
.# #.....######## .# ####### ##


You could see an orc warrior.

Vanquished Creatures
  A sky beast (D:5)
  A gnoll sergeant (D:5)
  A water moccasin zombie (D:5)
  2 scorpions (D:5)
  2 hounds (D:5)
  Robin (D:4)
  6 gnolls
  7 adders
  A white imp (D:5)
  2 ufetubi (D:5)
  An adder skeleton (D:4)
  3 worms
  2 dart slugs (D:1)
  7 orcs
  15 ball pythons
  8 endoplasms
  8 giant cockroaches
  19 goblins
  9 hobgoblins
  3 jackals (D:3)
  5 quokkas
  5 bats
  5 frilled lizards
  A jackal skeleton (D:5)
  4 kobolds
  4 rats
123 creatures vanquished.

Notes
Turn   | Place    | Note
-------+----------+-------------------------------------------
     0 | D:1      | ZARRMARR the Gnoll Warper began the quest for the Orb.
     0 | D:1      | Reached XP level 1. HP: 20/20 MP: 6/6
   105 | D:1      | Reached XP level 2. HP: 23/26 MP: 7/7
   225 | D:1      | HP: 1/26 [hobgoblin (4)]
   227 | D:1      | Reached XP level 3. HP: 2/31 MP: 9/9
   402 | D:1      | Reached skill level 5 in Spellcasting
   874 | D:1      | Reached skill level 1 in Invocations
  1072 | D:1      | Found a faded altar of an unknown god.
  1486 | D:2      | Reached skill level 1 in Long Blades
  1486 | D:2      | Reached skill level 1 in Axes
  1486 | D:2      | Reached skill level 1 in Maces & Flails
  1486 | D:2      | Reached skill level 1 in Polearms
  1486 | D:2      | Reached skill level 1 in Staves
  1486 | D:2      | Reached skill level 1 in Slings
  1486 | D:2      | Reached skill level 1 in Bows
  1486 | D:2      | Reached skill level 1 in Crossbows
  1486 | D:2      | Reached skill level 1 in Stealth
  1486 | D:2      | Reached skill level 1 in Shields
  1486 | D:2      | Reached skill level 1 in Unarmed Combat
  1486 | D:2      | Reached skill level 1 in Evocations
  1526 | D:2      | Reached XP level 4. HP: 37/38 MP: 11/11
  2141 | D:2      | Reached skill level 1 in Conjurations
  2141 | D:2      | Reached skill level 1 in Hexes
  2141 | D:2      | Reached skill level 1 in Summonings
  2141 | D:2      | Reached skill level 1 in Necromancy
  2141 | D:2      | Reached skill level 1 in Transmutations
  2141 | D:2      | Reached skill level 1 in Fire Magic
  2141 | D:2      | Reached skill level 1 in Ice Magic
  2141 | D:2      | Reached skill level 1 in Air Magic
  2141 | D:2      | Reached skill level 1 in Earth Magic
  2141 | D:2      | Reached skill level 1 in Poison Magic
  2595 | D:3      | Found a stormy altar of Qazlal.
  2688 | D:3      | Reached XP level 5. HP: 19/43 MP: 12/12
  3073 | D:3      | Found a shimmering altar of Xom.
  3184 | D:3      | Learned a level 2 spell: Blink
  3931 | D:4      | Noticed Robin
  4169 | D:4      | Killed Robin
  5016 | D:4      | Identified the +4 ring mail of Amorality {Rampage rF+}
  5294 | D:5      | Entered Level 5 of the Dungeon
  5336 | D:5      | Reached XP level 6. HP: 22/50 MP: 13/13
  5618 | D:5      | Found a runed translucent door.
  5630 | D:5      | Reached skill level 5 in Fighting
  5630 | D:5      | Reached skill level 5 in Short Blades
  5630 | D:5      | Reached skill level 5 in Dodging
  5692 | D:5      | Noticed a sky beast
  5717 | D:5      | Killed a sky beast
  5897 | D:5      | Reached XP level 7. HP: 52/56 MP: 15/15
  6187 | D:5      | Found a runed translucent door.
  6187 | D:5      | Noticed a human
  6194 | D:5      | Found a basalt altar of Yredelemnul.
  7234 | D:4      | HP: 1/56 [orc warrior (2)]
  7235 | D:4      | Mangled by an orc warrior

Illustrated notes

Levels and vault maps discovered:
D:1:      lightli_arrival_lavapool, layout_basic,
          shapermc_ecumenical_altar_flowoftime
D:2:      layout_loops_cross
D:3:      layout_basic, old_standard_altar, lemuel_coloured_pillars_altar,
          grunt_ministairs_7
D:4:      layout_gridville, kennysheep_cluttered_room, grunt_ministairs_8,
          kennysheep_doodads, uniq_robin
D:5:      layout_rooms, dk_yredelemnul_ordeal, lightli_church_of_beogh

Skill      XL: |  1  2  3  4  5  6  7 |
---------------+----------------------+-----
Spellcasting   | 5 |  5.6
Invocations    | 1 2 |  2.9
Long Blades    | 1 2 |  2.6
Axes           | 1 2 |  2.6
Maces & Flails | 1 2 |  2.6
Polearms       | 1 2 |  2.6
Staves         | 1 2 |  2.6
Slings         | 1 2 |  2.6
Bows           | 1 2 |  2.6
Crossbows      | 1 2 |  2.6
Stealth        | 1 2 |  2.6
Shields        | 1 2 |  2.6
Unarmed Combat | 1 2 |  2.6
Evocations     | 1 2 |  2.6
Conjurations   | 1 2 |  2.1
Hexes          | 1 2 |  2.1
Summonings     | 1 2 |  2.1
Necromancy     | 1 2 |  2.1
Transmutations | 1 2 |  2.1
Fire Magic     | 1 2 |  2.1
Ice Magic      | 1 2 |  2.1
Air Magic      | 1 2 |  2.1
Earth Magic    | 1 2 |  2.1
Poison Magic   | 1 2 |  2.1
Throwing       | 3 |  3.7
Armour         | 3 |  3.7
Fighting       | 5 |  5.3
Short Blades   | 5 |  5.3
Dodging        | 5 |  5.3
Translocations | |  5.9

Action                   |  1- 3 |  4- 6 |  7- 9 || total
-------------------------+-------+-------+-------++-------
Melee: Short sword       |   132 |       |       ||   132
       Bite              |    11 |    15 |    20 ||    46
       Dagger            |    12 |   152 |   122 ||   286
       Punch             |       |     2 |     1 ||     3
       Spear             |       |   126 |    25 ||   151
Throw: Boomerang         |       |    60 |    22 ||    82
  Use: Scroll            |     1 |     4 |     2 ||     7
 Stab: Sleeping          |       |     3 |     1 ||     4
Armor: Leather armour    |    23 |    55 |       ||    78
       Ring mail         |       |    25 |    69 ||    94
Dodge: Dodged            |    84 |   131 |    98 ||   313
